[Event "Bangabandhu Premier Div League 2023-24"]
[Site "Dhaka"]
[Date "2024.02.05"]
[Round "5.1"]
[White "Alam, Monjur"]
[Black "Pranav Vijay"]
[Result "0-1"]
[ECO "A61"]
[WhiteElo "1875"]
[BlackElo "2252"]
[Annotator "TA"]
[PlyCount "70"]
[EventDate "2024.02.01"]
[EventCountry "BAN"]
[SourceTitle "playchess.com"]
[Source "ChessBase"]
[SourceQuality "1"]
[TimeControl "40/5400+30:1800+30"]

1. d4 Nf6 2. c4 c5 3. d5 e6 4. Nc3 exd5 5. cxd5 d6 6. Nf3 g6 7. Bg5 Bg7 8. e3 O-O 9. Be2 ({White should try} 9. Nd2 $14) 9... h6 $11 10. Bh4 Bg4 (10... g5 $11 11. Bg3 Nh5) 11. O-O {[%emt 0:01:31] White is slightly better.} Bxf3 12. Bxf3 Nbd7 13. Bg3 Qe7 14. Re1 a6 15. a4 Ne8 16. Qc2 Rb8 17. a5 Nc7 18. Rab1 b6 19. axb6 Rxb6 20. b4 Rxb4 (20... cxb4 21. Na4 (21. Na2 Nb5 $17) 21... Rc8 (21... Rb7 22. Qc6 $14) 22. Nxb6 Nxb6 23. Rxb4 (23. Qc6 Ncxd5 24. Qxd6 Qxd6 $17) 23... Ncxd5 24. Qe4 $14) (20... Bxc3 $1 $15 21. Qxc3 Rfb8) 21. Rxb4 cxb4 22. Na2 b3 23. Qxb3 Rb8 24. Qc4 Nc5 25. Nb4 {[%emt 0:02:15] Nc6 is the strong threat.} Qf6 26. Nc6 Rb2 27. h3 ({Better is} 27. h4 $16) 27... Nb5 28. e4 {[%emt 0:03:37] Hoping for e5.} Qc3 29. Qxc3 Bxc3 30. Rc1 (30. Ra1 $11) 30... Nb3 $17 {[%emt 0:00:43] Excellent horsemanship.} 31. Rd1 {[%emt 0:02:46] [#]} f6 ({Black should play} 31... a5 $1 $17 {[%cal Ra5a4] And now ...a4 would win.} 32. Ne7+ (32. e5 $2 a4 $19) 32... Kf8) 32. Bg4 {[%emt 0:07:20] Now White is beyond hope.} (32. e5 $1 $15 Bxe5 (32... fxe5 33. Nxe5 dxe5 34. d6 $11) 33. Nxe5 fxe5 34. Bxe5 dxe5 35. d6) 32... a5 $36 {[%emt 0:02:04][%mdl 2048] Keeping White busy.} 33. Rd3 $2 {[%emt 0:05:36] [#]} (33. e5 {was worth a try.} fxe5 34. Nxe5 dxe5 (34... Bxe5 35. Bxe5 dxe5 36. d6 $15) 35. d6) 33... Nc5 $1 34. Re3 a4 35. Bxd6 {[%emt 0:05:11] [#]} a3 $1 {[%emt 0:00:20] Weighted Error Value: White=0.38/Black=0.16 (very precise) .  Mistake:       	White=5     	Black=3      Inaccurate:     	White=2     	Black=1      OK:         	White=6     	Black=7      Best:        	White=1     	Black=5      Strong:       	---       	Black=1} 0-1

[Event "Bangabandhu Premier Div League 2023-24"]
[Site "Dhaka"]
[Date "2024.02.05"]
[Round "5.2"]
[White "Murshed, Niaz"]
[Black "Alekhya Mukhopadhyay"]
[Result "0-1"]
[ECO "A96"]
[WhiteElo "2363"]
[BlackElo "2184"]
[Annotator "TA"]
[PlyCount "72"]
[EventDate "2024.02.01"]
[EventCountry "BAN"]
[SourceTitle "playchess.com"]
[Source "ChessBase"]
[SourceQuality "1"]
[TimeControl "40/5400+30:1800+30"]

1. d4 f5 2. g3 Nf6 3. Bg2 e6 4. Nf3 Be7 5. O-O O-O 6. c4 d6 7. Nc3 Ne4 8. Qc2 Nxc3 9. Qxc3 a5 10. b3 Nc6 11. Bb2 Bf6 12. Qd2 e5 13. d5 Ne7 14. Ne1 {[%emt 0:00:14] The position is equal.} f4 15. Be4 Bf5 16. Qd3 Qd7 17. Nf3 g5 18. Nd2 b6 19. Bxf5 Nxf5 (19... Qxf5 {simplifies} 20. Qxf5 Nxf5 21. g4 Nd4) 20. Ne4 Nh6 21. Kg2 Be7 22. Bc3 Rf7 23. f3 Nf5 24. Bd2 {[%emt 0:00:07] Wards off Ne3+} h5 25. e3 Rg7 26. Rf2 Rf8 27. Raf1 Kf7 28. Kh1 fxg3 29. hxg3 Ke8 (29... Nxg3+ $2 30. Nxg3 Ke8 (30... Qh3+ $2 31. Rh2 $18) 31. Nxh5 $18) 30. Rh2 Bd8 ({But not} 30... h4 $6 31. g4 $16) 31. Kg2 Qf7 32. Qe2 (32. Be1 $11) 32... Qg6 33. Qd3 (33. Kg1 $1 $11 {remains equal.}) 33... g4 $17 34. f4 h4 35. Be1 Rh7 (35... hxg3 $17 36. Bxg3 exf4 (36... Kd7 37. fxe5 dxe5 38. d6 $11) 37. Bxf4 g3) 36. Nf2 $2 {[%mdl 8192] [#]} (36. fxe5 $11 hxg3 37. Bxg3 Rxh2+ 38. Kxh2) 36... hxg3 {[%emt 0:00:00] Weighted Error Value: White=0.38/Black=0.19 (very precise) .  Loses game:     	White=1     	---        Mistake:       	White=2     	Black=1      Inaccurate:     	White=4     	Black=6      OK:         	White=3     	Black=9      Best:        	White=1     	Black=3} 0-1

[Event "Bangabandhu Premier Div League 2023-24"]
[Site "Dhaka"]
[Date "2024.02.05"]
[Round "5.2"]
[White "Rabby, Salim"]
[Black "Chigaev, Maksim"]
[Result "0-1"]
[ECO "E61"]
[WhiteElo "1931"]
[BlackElo "2622"]
[Annotator "TA"]
[PlyCount "68"]
[EventDate "2024.02.01"]
[EventCountry "BAN"]
[SourceTitle "playchess.com"]
[Source "ChessBase"]
[SourceQuality "1"]
[TimeControl "40/5400+30:1800+30"]

1. d4 Nf6 2. c4 g6 3. Nc3 Bg7 4. Bf4 d6 5. Nf3 O-O 6. g3 Bf5 7. Bg2 Ne4 8. O-O {[%emt 0:00:00] The position is equal.} Nxc3 9. bxc3 Be4 10. Qd2 Nd7 11. Ng5 (11. Qe3 $11 Nf6 12. g4) 11... Bxg2 $17 12. Kxg2 e5 13. Be3 Nb6 14. Qd3 Qe8 {[%emt 0:00:29] Dodges a4} 15. d5 h6 16. Ne4 f5 17. Nd2 Nd7 $36 {[%emt 1:27:48][%mdl 2048] Black is pushing.} 18. f4 ({White should play} 18. f3 $15) 18... Qe7 {[%emt 0:00:00] Strongly threatening ...Rae8.} 19. Rae1 Rae8 20. Bg1 e4 21. Qc2 {[%emt 0:01:00] [#]} e3 $1 22. Nf3 Qe4 {[%emt 0:00:00] Black is more active.} 23. Qa4 (23. Qd3 $17 {was called for.}) 23... Nc5 $19 24. Qb4 b6 25. Rc1 a5 26. Qb5 g5 27. fxg5 hxg5 28. Qb1 Qxc4 29. Nxg5 Qxe2+ 30. Kh1 Qg4 31. h4 e2 32. Rf4 {[%emt 0:00:00] Prevents Ne4.} Qxg3 33. Rxf5 Qxh4+ 34. Bh2 e1=Q+ {[%emt 0:00:00] White did not feel at home in the position after the opening.   Weighted Error Value: White=0.98/Black=0.11 (very precise) .  Loses game:     	White=1     	---        Mistake:       	White=2     	---        Inaccurate:     	White=3     	---        OK:         	White=9     	Black=13     Best:        	White=1     	Black=1      Strong:       	---       	Black=1} 0-1

[Event "Bangabandhu Premier Div League 2023-24"]
[Site "Dhaka"]
[Date "2024.02.05"]
[Round "5.3"]
[White "Iniyan, Pa"]
[Black "Arpan Das"]
[Result "1-0"]
[ECO "D27"]
[WhiteElo "2515"]
[BlackElo "2367"]
[Annotator "TA"]
[PlyCount "59"]
[EventDate "2024.02.01"]
[EventCountry "BAN"]
[SourceTitle "playchess.com"]
[Source "ChessBase"]
[SourceQuality "1"]
[TimeControl "40/5400+30:1800+30"]

1. d4 d5 2. c4 dxc4 3. Nf3 Nf6 4. e3 e6 5. Bxc4 c5 6. O-O a6 7. Re1 b5 8. Bf1 Nbd7 9. a4 {[%emt 0:00:30] The position is equal.} b4 10. e4 cxd4 11. e5 ({Of course not} 11. Qxd4 Bc5 12. Qd2 Bb7 $15) 11... Nd5 12. Nbd2 Bb7 13. Nxd4 Nc5 14. Nc4 h6 15. Qg4 g6 16. Qg3 {[%emt 0:00:30] White has more active pieces.} Be7 17. Bd2 (17. Nd6+ {keeps more tension.} Bxd6 18. exd6 Qf6 19. Nf3) 17... Qd7 {[%emt 0:00:00] This move loses the game for Black.} (17... Kf8 $16 {is a better defense.}) 18. Nd6+ $18 Bxd6 19. exd6 Qd8 20. Bc4 {[%emt 0:00:00] [#] Threatens to win with Rac1.} Rc8 $2 (20... Qf6) 21. Rac1 Kd7 $2 (21... Qf6) 22. Nf3 Nf6 23. Bxb4 {[%emt 0:01:00] A strong pair of Bishops.} Nfe4 24. Qf4 Ke8 25. Ne5 Nxd6 {[%emt 0:00:00] [#]} 26. Nxf7 $1 {[%emt 0:00:00][%mdl 512] White mates.} Nxf7 (26... Nde4 27. Nxd8) 27. Bxe6 Nxe6 28. Rxe6+ Kd7 29. Qxf7+ Qe7 30. Qxe7# {[%emt 0:02:30] Weighted Error Value: White=0.14 (very precise) /Black=0.78.  Mistake:       	---       	Black=3      Inaccurate:     	---       	Black=3      OK:         	White=7     	Black=5      Best:        	White=1     	---} 1-0

[Event "Bangabandhu Premier Div League 2023-24"]
[Site "Dhaka"]
[Date "2024.02.05"]
[Round "5.3"]
[White "Hasan Md, Emam"]
[Black "Narayanan, Srinath"]
[Result "0-1"]
[ECO "C70"]
[WhiteElo "2053"]
[BlackElo "2552"]
[Annotator "RC"]
[PlyCount "208"]
[EventDate "2024.02.01"]
[EventCountry "BAN"]
[SourceTitle "playchess.com"]
[Source "ChessBase"]
[SourceQuality "1"]
[TimeControl "40/5400+30:1800+30"]

1. e4 e5 2. Nf3 Nc6 3. Bb5 a6 4. Ba4 Bc5 5. O-O d6 6. c3 Bg4 7. d3 Nge7 8. Be3 O-O 9. h3 Bh5 10. g4 Bg6 11. Qe2 Ba7 12. Nbd2 d5 13. Bxa7 Rxa7 14. Nh4 Ra8 15. Ndf3 Kh8 16. Rad1 f6 17. Bc2 d4 18. cxd4 Nxd4 19. Nxd4 Qxd4 20. Bb1 c5 21. Kg2 b6 22. f4 exf4 23. Rxf4 Rfe8 24. Rf2 Rad8 25. Re1 Nc6 26. g5 Ne5 27. gxf6 gxf6 28. Ref1 Rg8 29. Kh2 Qd6 30. Kh1 Rdf8 31. Rg2 Qd8 32. Rfg1 Bf7 33. b3 Rxg2 34. Rxg2 Rg8 35. Nf5 Be6 36. Qh5 Rxg2 37. Kxg2 Bxf5 38. Qxf5 Kg7 39. Qf2 Qd6 40. Qg3+ Kh8 41. Qf4 Qf8 42. Bc2 Qg7+ 43. Kf2 a5 44. Qf5 Qg5 45. Qxg5 fxg5 46. Ke3 Nc6 47. Bd1 Kg7 48. a4 Kf6 49. Kd2 Ke5 50. Kc3 Kd6 51. Kc4 Nd4 52. Bg4 h6 53. Bh5 Ke6 54. Bg4+ Ke5 55. Bd1 Ke6 56. Bg4+ Kd6 57. Bh5 Ne6 58. Bg4 Nf4 59. d4 cxd4 60. Kxd4 Ne6+ 61. Kc4 Nc5 62. Bf3 Ne6 63. Bd1 Nf4 64. Bg4 h5 65. Bf5 Ne2 66. Bg6 h4 67. Bh5 Nf4 68. Bg4 Ng6 69. Kb5 Kc7 70. Bd1 Ne5 71. Be2 g4 72. hxg4 h3 73. Bf1 h2 74. Bg2 Nxg4 75. b4 axb4 76. Kxb4 Ne5 77. Kb5 Nc6 78. Bh1 Na7+ 79. Ka6 Nc6 80. Kb5 Nd4+ 81. Kc4 Ne2 82. Kb5 Nc3+ 83. Kb4 Nd1 84. Kb5 Nf2 85. Bg2 Ng4 86. a5 bxa5 87. Kxa5 Kd6 88. Kb4 Ke5 89. Kc3 Kf4 90. Kd4 Kg3 91. Bh1 Nf2 92. e5 Nxh1 93. e6 Nf2 94. e7 h1=Q 95. e8=Q Qd1+ 96. Kc5 Nd3+ 97. Kb6 Qg1+ 98. Kc7 Qa7+ 99. Kd8 Qb8+ 100. Ke7 Qb4+ 101. Kd8 Qa5+ 102. Ke7 Ne5 103. Qg8+ Kf4 104. Qg1 Qc7+ 0-1

[Event "Bangabandhu Premier Div League 2023-24"]
[Site "Dhaka"]
[Date "2024.02.05"]
[Round "5.4"]
[White "Nayem, Haque"]
[Black "Ankit Ray"]
[Result "1/2-1/2"]
[ECO "B32"]
[WhiteElo "2092"]
[BlackElo "1912"]
[Annotator "NA RC"]
[PlyCount "76"]
[EventDate "2024.02.01"]
[EventCountry "BAN"]
[SourceTitle "playchess.com"]
[Source "ChessBase"]
[SourceQuality "1"]
[TimeControl "40/5400+30:1800+30"]

1. e4 c5 2. Nf3 Nc6 3. d4 cxd4 4. Nxd4 e5 5. Nb5 d6 6. N1c3 a6 7. Na3 Be6 8. Nc4 Rb8 9. g3 Nf6 10. Bg5 Nd4 11. Ne3 Be7 12. Bxf6 Bxf6 13. Bg2 Nc6 14. O-O Ne7 15. Qd3 $11 Qc7 16. Rfd1 Rd8 17. Ncd5 Bxd5 18. Nxd5 Nxd5 19. Qxd5 O-O 20. c4 Qb6 21. b3 Be7 22. Bh3 a5 23. Rd3 g6 24. Rad1 Kg7 25. Kg2 Qc6 26. Qxc6 bxc6 27. c5 dxc5 28. Rxd8 Rxd8 29. Rxd8 Bxd8 30. Bd7 Bg5 31. Bxc6 Bc1 32. Bd7 Ba3 33. Kf1 Kf6 34. Ke2 Ke7 35. Bc8 Kd6 36. Kd3 h6 37. Ba6 f5 38. Bc8 f4 1/2-1/2

[Event "Bangabandhu Premier Div League 2023-24"]
[Site "Dhaka"]
[Date "2024.02.05"]
[Round "5.4"]
[White "Avik, Sarker"]
[Black "Anata, Choudhury"]
[Result "0-1"]
[ECO "A45"]
[WhiteElo "1914"]
[BlackElo "2196"]
[Annotator "TA"]
[PlyCount "118"]
[EventDate "2024.02.01"]
[EventCountry "BAN"]
[SourceTitle "playchess.com"]
[Source "ChessBase"]
[SourceQuality "1"]
[TimeControl "40/5400+30:1800+30"]

1. d4 Nf6 2. Bf4 c5 3. e3 Qb6 4. Nc3 cxd4 5. Qxd4 Qa5 6. Qa4 Qxa4 7. Nxa4 Nc6 8. Nf3 {[%emt 0:01:00] The position is equal.} g6 9. Nc3 Bg7 10. e4 d6 11. Bd3 O-O 12. O-O b6 13. Bd2 Bb7 14. Rfe1 Nd7 15. Rab1 Rac8 16. Nd5 Rfe8 (16... e6 $17 17. Nc3 Nce5) 17. Bc3 $11 Bxc3 18. Nxc3 a6 19. a3 b5 20. Ne2 Nc5 21. b4 Nd7 22. Rec1 Nce5 23. Nxe5 $1 Nxe5 24. Ra1 Rc7 25. f3 Rec8 26. Kf2 d5 27. exd5 Bxd5 ({Much less strong is} 27... Nxd3+ 28. cxd3 Bxd5 29. Rxc7 Rxc7 30. g4 $17) 28. Ke3 Nc4+ 29. Kf2 Nb6 30. Ke3 e5 31. Kd2 ({White should play} 31. g4) 31... f5 $17 32. c3 (32. Ng3 $17) 32... Rd8 33. Ke3 Bc4 (33... Rcd7 $19 34. Re1 Be6 (34... Bxf3 $2 35. Bxf5 gxf5 36. Kxf3 $19)) 34. Bxc4+ Nxc4+ 35. Kf2 Nb2 {[%emt 0:00:00] Against Rd1. aiming for ...Nd3+. Black has more active pieces.} 36. Rc2 Na4 37. Rac1 Nb6 38. f4 e4 39. Nd4 Kf7 {[%emt 0:00:00] Inhibits Ne6.} 40. Nb3 Na4 {[%emt 0:01:30] Dodges Nc5} 41. c4 (41. Nd4 $17) 41... Rd3 $19 42. Na5 Rxa3 43. cxb5 (43. c5 $17) 43... Rxc2+ 44. Rxc2 axb5 {[%emt 0:00:07][%mdl 4096] Endgame. KRN-KRN} 45. Rc7+ (45. Nc6 $142) 45... Kf6 {[%emt 0:01:50] ...Nb2 is the strong threat.} 46. Nb7 Rd3 {[%emt 0:00:00] Wards off Nd8} 47. Nc5 {[%emt 0:00:00] [#]} (47. g3 {was worth a try.}) 47... Rc3 $1 48. Rxh7 (48. Nd7+ $142 Ke6 49. Nf8+ Kd5 50. Rxh7) 48... Nxc5 49. bxc5 Rxc5 {[%emt 0:00:00] KR-KR} 50. g4 (50. g3 $142) 50... Rc2+ 51. Kg3 Rc3+ 52. Kh4 Rf3 {[%emt 0:00:00] Strongly threatening ...e3.} 53. g5+ Ke6 54. Rg7 Rxf4+ (54... e3 $142 55. Rxg6+ Kd5) 55. Kh3 e3 56. Rxg6+ Kd5 {[%emt 0:00:00] ( -> ...e2)} 57. Rb6 e2 {[%emt 0:00:00] Black mates.} 58. Rxb5+ Kc6 59. Re5 {[%emt 0:00:00] [#]} Re4 $1 {[%emt 0:00:00] Weighted Error Value: White=0.58/Black=0.18 (very precise) .  Mistake:       	White=8     	Black=2      Inaccurate:     	White=5     	Black=2      OK:         	White=8     	Black=20     Best:        	White=1     	Black=4      Strong:       	White=1     	Black=1} 0-1

[Event "Bangabandhu Premier Div League 2023-24"]
[Site "Dhaka"]
[Date "2024.02.05"]
[Round "5.5"]
[White "Islam, M.M. Zahirul"]
[Black "Mehdi Hasan Parag"]
[Result "0-1"]
[ECO "D17"]
[WhiteElo "1876"]
[BlackElo "2171"]
[Annotator "TA"]
[PlyCount "88"]
[EventDate "2024.02.01"]
[EventCountry "BAN"]
[SourceTitle "playchess.com"]
[Source "ChessBase"]
[SourceQuality "1"]
[TimeControl "40/5400+30:1800+30"]

1. d4 d5 2. c4 c6 3. Nc3 Nf6 4. Nf3 dxc4 5. a4 Bf5 6. Ne5 Nbd7 7. Nxc4 Qc7 8. e3 e5 9. Be2 Bb4 10. Bd2 {[%emt 0:00:00] Black has an edge.} O-O 11. O-O a5 12. Rc1 Rfe8 13. Nb1 Bf8 {[%emt 0:00:00] Black is much more active.} 14. Bc3 e4 15. Nbd2 Nd5 16. Bg4 {[%emt 0:00:00] [#]} (16. Re1 $15) 16... Bxg4 $1 $17 17. Qxg4 N7f6 18. Qg3 {[%emt 0:00:00] [#]} (18. Qd1 $17 {keeps fighting.}) 18... Qxg3 $1 $19 19. hxg3 b5 20. Ne5 (20. Bxa5 $142 bxc4 21. Nxc4) 20... b4 (20... bxa4 21. Ndc4 $17) 21. Nxc6 bxc3 (21... Rec8 22. Bxb4 Nxb4 23. Nxb4 Bxb4 24. Nc4 $19) 22. bxc3 Rec8 23. c4 Rxc6 24. cxd5 Rxc1 25. Rxc1 Bb4 (25... Nxd5 $2 26. Nxe4 Bb4 27. Rc6 $19) 26. Rc2 Bxd2 ({Resist} 26... Nxd5 27. Nxe4 Re8 28. Nc5 $19) 27. Rxd2 Nxd5 {[%emt 0:00:00][%mdl 4096] Endgame. KRN-KR} 28. Rc2 Nb6 29. Ra2 f5 30. f3 Kf7 31. g4 g6 32. Kf2 Ke6 33. g5 $2 (33. gxf5+ gxf5 34. Ra1) 33... Nc4 34. g4 Rb8 {[%emt 0:00:00] ( -> ...Rb2+)} 35. gxf5+ Kxf5 36. Kg3 Rb2 37. Ra1 Nxe3 38. Re1 Rb3 (38... Rg2+ $142 39. Kh3 Kf4 40. fxe4 Rg3+ (40... Rxg5 $2 41. Kh2 $19) 41. Kh2 Ng4+ (41... Rxg5 $2 42. Rc1 $19) 42. Kh1 Kf3 (42... Kxg5 $2 43. Rf1 $19) 43. Rf1+ Nf2+ (43... Kxe4 $2 44. Rf7 $19) 44. Rxf2+ Kxf2 45. Kh2 Rg4 (45... Rxg5 {is a self mate.} 46. Kh3 h5 47. e5 Rg4 48. e6 g5 49. Kh2 Rh4#) 46. Kh3 Rxe4 47. d5 h6 (47... Rxa4 {leads to mate.} 48. d6 h6 49. gxh6 g5 50. h7 Rh4#) 48. gxh6 g5 49. h7 Rh4#) 39. Rh1 Nd5 {[%emt 0:00:00] Black mates.} 40. Rxh7 Rxf3+ 41. Kh2 Kxg5 42. Ra7 e3 43. Rxa5 e2 44. Rxd5+ Rf5 {[%emt 0:00:00] Weighted Error Value: White=0.82/Black=0.24 (precise) .  Mistake:       	White=4     	---        Inaccurate:     	White=3     	Black=3      OK:         	White=5     	Black=13     Best:        	White=2     	Black=3      Strong:       	---       	Black=2} 0-1

[Event "Bangabandhu Premier Div League 2023-24"]
[Site "Dhaka"]
[Date "2024.02.05"]
[Round "5.5"]
[White "Mrittika Mallick"]
[Black "Shawket Bin, Osman Shaon"]
[Result "1-0"]
[ECO "B01"]
[WhiteElo "1859"]
[BlackElo "2030"]
[Annotator "NA RC"]
[PlyCount "81"]
[EventDate "2024.02.01"]
[EventCountry "BAN"]
[SourceTitle "playchess.com"]
[Source "ChessBase"]
[SourceQuality "1"]
[TimeControl "40/5400+30:1800+30"]

1. e4 d5 2. exd5 Qxd5 3. Nf3 Nf6 4. d4 c6 5. Be2 Bf5 6. O-O {[%emt 0:00:51] B01: Scandinavian Defence.} e6 7. c4 Qa5 8. Qb3 Nbd7 9. Ne5 Qb6 10. Nxd7 Nxd7 11. Qe3 Be7 12. c5 Qc7 13. Nc3 O-O 14. g4 Bg6 15. f4 Nf6 16. Qh3 ({Better is} 16. f5 exf5 17. gxf5) 16... Bc2 17. Bd2 Ne4 18. Rfc1 Nxc3 19. bxc3 Be4 20. Bc4 b5 21. Bb3 a5 22. Re1 Bd5 23. Bxd5 cxd5 24. a3 Rfe8 25. Re2 Rab8 26. Rf1 Bf8 27. Qf3 Qc6 28. Rfe1 g6 29. h4 Bg7 30. Qd3 (30. f5 $18) 30... f6 {[%emt 0:02:21] [#]} (30... Rb7 $16 31. Rg2 Reb8) 31. f5 $18 gxf5 32. gxf5 e5 33. Qg3 Kf7 34. Rg2 Rg8 35. Qf3 Rb7 36. Qh5+ Kf8 37. Qxh7 e4 (37... Rh8 $142 38. Qg6 Qe8 39. dxe5 Qxg6 40. Rxg6 fxe5) 38. h5 Rh8 39. Qg6 Qe8 40. h6 Qxg6 41. Rxg6 1-0

[Event "Bangabandhu Premier Div League 2023-24"]
[Site "Dhaka"]
[Date "2024.02.05"]
[Round "5.6"]
[White "Mohammad Nubairshah Shaikh"]
[Black "Rahman, Syed Mahfuzur"]
[Result "1-0"]
[ECO "D36"]
[WhiteElo "2428"]
[BlackElo "2087"]
[Annotator "TA"]
[PlyCount "53"]
[EventDate "2024.02.01"]
[EventCountry "BAN"]
[SourceTitle "playchess.com"]
[Source "ChessBase"]
[SourceQuality "1"]
[TimeControl "40/5400+30:1800+30"]

1. d4 d5 2. c4 e6 3. Nc3 Nf6 4. Bg5 Be7 5. e3 c6 6. Nf3 Nbd7 7. Qc2 h6 8. Bh4 O-O 9. cxd5 exd5 10. Bd3 Re8 11. O-O Ne4 12. Bxe7 Qxe7 13. b4 Ndf6 14. b5 c5 15. dxc5 {[%emt 0:00:00] Black must now prevent c6.} Nxc5 16. Be2 {[%emt 0:00:00] White is slightly better.} Be6 17. Nd4 Rac8 18. Qb2 Nfe4 19. Rac1 g6 20. Qa3 Nd2 21. Rfd1 Nc4 22. Qb4 (22. Qxa7 $2 {perishes.} Ra8 23. Nc6 Qf8 (23... bxc6 24. Qxe7 Rxe7 25. bxc6 $17) 24. Nxd5 Bxd5 (24... bxc6 $2 25. Ne7+ Qxe7 26. Qxe7 $19) 25. Rxd5 bxc6 $19 (25... Rxa7 $2 26. Nxa7 Ne4 27. Bxc4 $19) (25... Rxa7 $2 26. Nxa7 Ne4 27. Bxc4 $19)) 22... a5 ({Better is} 22... Nb6 $14) 23. bxa6 $16 Nxa6 24. Qxe7 Rxe7 25. e4 dxe4 {[%emt 0:01:00] [#]} (25... Kg7 $16) 26. Nxe6 $1 $18 ({Not} 26. Nxe4 Na3 $18) 26... Rxe6 27. Nb5 {[%emt 0:00:00] Weighted Error Value: White=0.02 (flawless) /Black=0.27 (precise) .  Loses game:     	---       	Black=1      Mistake:       	---       	Black=1      OK:         	White=5     	Black=3      Best:        	White=2     	---        Strong:       	White=1     	---} 1-0

[Event "Bangabandhu Premier Div League 2023-24"]
[Site "Dhaka"]
[Date "2024.02.05"]
[Round "5.6"]
[White "Kushagra Mohan"]
[Black "Tanvir, Alam"]
[Result "1-0"]
[ECO "B96"]
[WhiteElo "2374"]
[BlackElo "1836"]
[Annotator "TA"]
[PlyCount "93"]
[EventDate "2024.02.01"]
[EventCountry "BAN"]
[SourceTitle "playchess.com"]
[Source "ChessBase"]
[SourceQuality "1"]
[TimeControl "40/5400+30:1800+30"]

1. e4 c5 2. Nf3 d6 3. d4 cxd4 4. Nxd4 Nf6 5. Nc3 a6 6. Bg5 e6 7. f4 Nbd7 8. Qe2 Qc7 9. O-O-O b5 10. a3 Bb7 11. g4 h6 12. Bxf6 {[%emt 0:01:33] White is slightly better.} gxf6 (12... Nxf6 $14 13. h4 Rb8) 13. Bg2 (13. f5 $16 Nc5 14. Kb1) 13... O-O-O $14 14. f5 e5 (14... Re8 $14) 15. Nb3 $16 Be7 16. Nd5 Bxd5 17. exd5 Nc5 18. Kb1 Kb8 19. Nxc5 dxc5 {[%emt 0:00:00] Black is weak on the light squares} 20. c4 Qb6 21. Rd3 Ka7 22. Rc1 Rb8 23. Rb3 Rhc8 24. Qd2 Bf8 25. Rd1 {[%emt 0:04:22] White is much more active.} Qd6 26. Qe3 (26. Bf1 $16) 26... bxc4 $11 27. Rc3 Rb3 28. Rxb3 $16 cxb3 29. Qxb3 Rb8 (29... c4 $14 30. Qe3+ Qc5 31. Qxc5+ Bxc5) 30. Qa4 (30. Qc3 $16) 30... Qb6 $14 31. Rd2 {[%emt 0:00:22][%cal Od5d6] Black should prevent d6!} Qb5 32. Qe4 {[%emt 0:01:20] Black must now prevent d6.} Bd6 33. Bf3 Qa5 34. Qe3 Rb3 35. Qxb3 Qxd2 {[%emt 0:00:00][%mdl 4096] Endgame. KQB-KQB} 36. Ka2 Qd4 {[%emt 0:00:00] Prevents Qa4.} (36... Qxh2 $2 {perishes.} 37. Qc4 e4 38. Be2 $18) 37. Qc2 a5 38. h4 a4 39. Be2 {[%emt 0:04:21] [#] aiming for Bc4.} Kb6 $1 40. Bc4 (40. Qc4 {simplifies} Qxc4+ 41. Bxc4 e4 42. b3) 40... Ka5 41. Qe2 e4 42. Ba6 Qxd5+ 43. Ka1 Qb3 {[%emt 0:02:00] Repels Qb5+} (43... c4 $11 {remains equal.} 44. Bxc4 (44. Qxc4 Qd1+ 45. Ka2 Qb3+ 46. Kb1 e3 $11) 44... Qd4) 44. Bc4 $1 $16 {[%emt 0:01:51] Intending Qd2+ and mate.} Qf3 $2 {[%emt 0:01:11][%mdl 8192] [#]} (44... Qb8 $16 45. Qe1+ (45. Qxe4 Be5 $16) 45... Kb6) 45. Qd2+ {[%emt 0:00:14] White mates.} Kb6 46. Qxd6+ Ka7 47. Qc7+ {[%emt 0:00:30] Weighted Error Value: White=0.12 (very precise) /Black=0.25 (precise) .  Loses game:     	---       	Black=1      Mistake:       	White=3     	Black=5      Inaccurate:     	White=5     	Black=2      OK:         	White=12    	Black=14     Best:        	White=3     	Black=2      Strong:       	White=1     	Black=1} 1-0

[Event "Bangabandhu Premier Div League 2023-24"]
[Site "Dhaka"]
[Date "2024.02.05"]
[Round "5.7"]
[White "Mihir Lal, Das"]
[Black "Mayank Chakraborty"]
[Result "1/2-1/2"]
[ECO "D02"]
[WhiteElo "1936"]
[BlackElo "2409"]
[Annotator "RC"]
[PlyCount "134"]
[EventDate "2024.02.01"]
[EventCountry "BAN"]
[SourceTitle "playchess.com"]
[Source "ChessBase"]
[SourceQuality "1"]
[TimeControl "40/5400+30:1800+30"]

1. Nf3 d5 2. g3 c6 3. Bg2 Bg4 4. d4 Nd7 5. O-O e6 6. Nbd2 Ngf6 7. Re1 c5 8. c4 cxd4 9. cxd5 exd5 10. Nxd4 Bc5 11. N2b3 Bb6 12. Bf4 O-O 13. Qd3 Re8 14. a4 a6 15. a5 Bc7 16. Bxc7 Qxc7 17. Rac1 Qd6 18. h3 Ne5 19. Qc3 Bd7 20. Nc5 Bc6 21. Red1 h5 22. e4 dxe4 23. Nxc6 Qxc6 24. Nxe4 Nxe4 25. Qd4 Nxg3 26. Bxc6 Ne2+ 27. Kf1 Nxd4 28. Bxe8 Nb3 29. Rc3 Nxa5 30. Ba4 b5 31. Bc2 g6 32. b3 Re8 33. f4 Nec6 34. Ra1 Re6 35. b4 Nc4 36. Rxa6 Kg7 37. Bb3 Nd2+ 38. Kg1 Nxb3 39. Raxc6 Nd4 40. Rxe6 Nxe6 41. Rf3 Kf6 42. Kf2 Kf5 43. Ke3 Nc7 44. Kd4 Ne6+ 45. Kd5 h4 46. Rf1 Nxf4+ 47. Kc6 g5 48. Kxb5 g4 49. hxg4+ Kxg4 50. Kc4 h3 51. b5 Ne6 52. Rxf7 h2 53. Rh7 Kg3 54. b6 Nd8 55. Kb5 Kg2 56. Ka6 h1=Q 57. Rxh1 Kxh1 58. Ka7 Kg2 59. Kb8 Ne6 60. Kb7 Kf3 61. Kc6 Ke4 62. Kd6 Nd8 63. Kc7 Ne6+ 64. Kd6 Nd8 65. Kc7 Ne6+ 66. Kc8 Nc5 67. b7 Nxb7 1/2-1/2